 Dungeon Crawl Stone Soup version 0.20.0-8-g6b59dc7 (webtiles) character file.

209 MTVSty1e the Skirmisher (level 6, -5/51 HPs)
             Began as a Formicid Fighter on May 29, 2017.
             Killed by divine providence
             ... invoked by an orc priest
              (14 damage)
             ... on level 4 of the Dungeon on May 30, 2017.
             The game lasted 00:12:12 (4426 turns).

MTVSty1e the Skirmisher (Formicid Fighter)          Turns: 4426, Time: 00:12:12

Health: -5/51      AC:  6    Str: 28    XL:     6   Next: 12%
Magic:  0/6        EV:  8    Int:  7    God:
Gold:   189        SH: 10    Dex: 10    Spells: 5/5 levels left

rFire    . . .     SeeInvis +   r - +1 hand axe (chop)
rCold    . . .     Gourm    .   c - +0 shield
rNeg     . . .     Faith    .   b - +0 scale mail
rPois    .         Spirit   +   (helmet unavailable)
rElec    .         Reflect  .   p - scarf {Spirit}
rCorr    .         Harm     .   (no gloves)
MR       .....                  (no boots)
Stlth    ..........             e - amulet of inaccuracy (curse)
Regen    0.2/turn               (no ring)
MPRegen  0.1/turn               (no ring)

@: mighty
A: permanent stasis, dig shafts and tunnels, four strong arms, antennae 3
a: Dig, Shaft Self


You were on level 4 of the Dungeon.
You were not hungry.

You visited 1 branch of the dungeon, and saw 4 of its levels.

You collected 189 gold pieces.

Inventory:

Hand Weapons
 a - a +1 war axe
 r - a +1 hand axe of chopping (weapon)
Armour
 b - a +0 scale mail (worn)
 c - a +0 shield (worn)
 p - a scarf of spirit shield (worn)
Jewellery
 e - a cursed amulet of inaccuracy (around neck)
Scrolls
 f - a scroll of enchant weapon
 i - 2 scrolls of fog
 l - a scroll of recharging
 m - 3 scrolls of identify
Potions
 g - a potion of resistance
 j - a potion of curing {unknown}
 k - a potion of berserk rage {unknown}
 n - a potion of agility {unknown}
 q - a potion of flight {unknown}
Books
 s - a book of Cantrips

   Spells                             Type                      Level
   a - Confusing Touch                Hexes                        1
   b - Animate Skeleton               Necromancy                   1
   c - Summon Small Mammal            Summoning                    1
   d - Apportation                    Translocation                1
Comestibles
 h - a meat ration
 o - 3 royal jellies


   Skills:
 + Level 5.3 Fighting
 + Level 4.4 Axes
 - Level 3.2 Armour
 - Level 3.6 Shields


You had 5 spell levels left.
You didn't know any spells.

Dungeon Overview and Level Annotations

Branches:
Dungeon (4/15)
 Temple: D:4-7

Altars:
Dithmenos
Gozag
Ru
Uskayaw


Innate Abilities, Weirdness & Mutations

You cannot be hasted, slowed, berserked, paralysed or teleported.
You can dig through walls and to a lower floor.
Your four strong arms can wield two-handed weapons with a shield.
You have a pair of large antennae on your head. (SInv)


Message History

You barely miss the orc wizard.
The orc wizard hits you but does no damage.
You block the orc wizard's attack.
You closely miss the orc wizard. You block the orc wizard's attack.
The orc priest calls down the wrath of Beogh upon you.
Beogh smites you!
* * * LOW HITPOINT WARNING * * *
You miss the orc wizard. The orc wizard closely misses you.
The orc wizard hits you but does no damage.
You barely miss the orc wizard. The orc wizard casts a spell at you.
The magic dart hits you!
* * * LOW HITPOINT WARNING * * *
The orc wizard hits you but does no damage.
You miss the orc wizard. You block the orc wizard's attack.
You barely miss the orc wizard.
The orc wizard hits you but does no damage.
The orc priest mumbles some strange prayers to Beogh against you.
Beogh smites you!
You die...

##### #...# #
#...##########.#
######..............##
+....'.......>.)......
######....####@####.##
##....# #o# ####.#.##


Zo. #......# .#.## ##.#.####.._. #.#.# # #.# #.#.. ... #.#### #.# #<# You could
see an orc priest, an orc wizard and a leopard gecko skeleton.

Vanquished Creatures
  3 gnolls (D:3)
  8 adders
  3 oozes
  3 worms (D:2)
  A dart slug (D:1)
  2 leopard geckos
  An orc (D:4)
  8 bats
  4 giant cockroaches
  14 goblins
  4 hobgoblins
  4 jackals (D:1)
  10 kobolds
  2 quokkas
  2 ball pythons
  6 frilled lizards
  10 rats
85 creatures vanquished.

Notes
Turn   | Place    | Note
-------+----------+-------------------------------------------
     0 | D:1      | MTVSty1e the Formicid Fighter began the quest for the Orb.
     0 | D:1      | Reached XP level 1. HP: 18/18 MP: 1/1
     0 | D:1      | Upgraded the game from 0.20.0-7-g3b7b877 to 0.20.0-8-g6b59dc7
    34 | D:1      | Reached XP level 2. HP: 17/24 MP: 2/2
   303 | D:1      | Reached XP level 3. HP: 14/30 MP: 3/3
   924 | D:1      | Reached skill level 4 in Fighting
  1449 | D:1      | Reached XP level 4. HP: 31/37 MP: 4/4
  1702 | D:2      | Found a shadowy altar of Dithmenos.
  3259 | D:2      | Reached XP level 5. HP: 40/43 MP: 5/5
  3407 | D:2      | Found a hide-covered altar of Uskayaw.
  3668 | D:3      | Reached skill level 5 in Fighting
  4033 | D:3      | Found a sacrificial altar of Ru.
  4149 | D:3      | Reached XP level 6. HP: 37/51 MP: 4/6
  4387 | D:4      | Found an opulent altar of Gozag.
  4426 | D:4      | Killed from afar by an orc priest

Skill      XL: |  1  2  3  4  5 |
---------------+----------------+-----
Axes           | 3 4 |  4.4
Fighting       | 4 5 |  5.3
Armour         | |  3.2
Shields        | |  3.6

Action                   |  1- 3 |  4- 6 || total
-------------------------+-------+-------++-------
Melee: War axe           |   182 |   206 ||   388
       Hand axe          |       |    94 ||    94
  Use: Scroll            |     4 |     3 ||     7
       Potion            |       |     1 ||     1
 Stab: Paralysed         |       |     2 ||     2
       Invisible         |       |     1 ||     1
  Eat: Bread ration      |     1 |     1 ||     2
       Meat ration       |       |     1 ||     1
       Royal jelly       |       |     1 ||     1
Armor: Scale mail        |    88 |   112 ||   200
Dodge: Dodged            |    74 |    99 ||   173
Block: Shield            |   108 |   154 ||   262
